Map: Berlingrad LE

Players

HeroMachine - Winner!

  • Race: Terran Terran
  • League: Platinum
  • Spawn Location: 5:00

ftwoamove

  • Race: Terran Terran
  • League: Platinum
  • Spawn Location: 11:00

VOD

Have the link to the VOD?

Description

Time

  • Played on: May 27, 2022, 3:52 p.m.
  • Length: 9:37
Show
View Real Time Build Order
Export as new Build Order

HeroMachine Terran - Winner!

Build Orders:  

Get SALT Encoding   

  12  0:00  SCV  
  13  0:12  SCV  
  14  0:18  Supply Depot  
  14  0:24  SCV  
  15  0:40  SCV  
  15  0:41  Barracks  
  16  0:43  Refinery  
  16  0:52  SCV  
  16  0:53  Refinery  
  17  1:04  SCV  
  18  1:16  SCV  
  19  1:32  Orbital Command  
  19  1:35  Reaper  
  20  1:45  Factory  
  20  1:49  Supply Depot  
  20  1:58  SCV  
  21  2:07  Reaper  
  22  2:10  SCV  
  22  2:23  SCV  
  22  2:29  Hellion  
  25  2:30  Starport  
  25  2:35  SCV  
  26  2:39  Reaper  
  27  2:47  SCV  
  27  2:51  Hellion  
  30  2:59  SCV  
  30  3:01  Command Center  
  31  3:07  Starport Tech Lab  
  31  3:13  Factory Reactor  
  31  3:16  Factory Tech Lab, Barracks Reactor  
  31  3:24  Supply Depot  
  27  4:04  SCV  
  28  4:17  SCV  
  29  4:21  Orbital Command  
  29  4:22  Raven  
  31  4:27  Marine x2, Siege Tank  
  31  4:29  SCV  
  37  4:31  Barracks  
  37  4:36  Barracks  
  37  4:41  SCV  
  37  4:45  Orbital Command  
  39  4:53  SCV  
  39  4:59  Siege Tank  
  42  5:02  Supply Depot, Marine x2  
  44  5:10  Raven  
  46  5:14  SCV x2  
  48  5:26  SCV x2  
  50  5:31  Siege Tank  
  50  5:34  Engineering Bay, Marine  
  50  5:35  Marine  
  55  5:37  Engineering Bay, Barracks Tech Lab x2  
  55  5:38  SCV x2  
  57  5:50  SCV x2  
  61  6:00  Combat Shield, Stimpack  
  61  6:01  Marine x2  
  61  6:02  Marine  
  62  6:08  Supply Depot  
  62  6:10  Supply Depot  
  62  6:18  Supply Depot  
  62  6:19  SCV x2, Marine  
  65  6:32  SCV x2  
  67  6:37  Starport Reactor  
  67  6:39  Siege Tank  
  70  6:42  Supply Depot, Factory  
  70  6:44  SCV x2  
  72  6:49  Refinery x2  
  72  6:51  Missile Turret  
  72  6:53  Missile Turret  
  72  6:56  SCV x2  
  74  7:05  Command Center  
  74  7:07  Terran Infantry Weapons Level 1  
  74  7:08  SCV x2  
  76  7:20  SCV x2, Terran Infantry Armor Level 1  
  75  7:32  SCV x2, Marine  
  75  7:33  Marine x3  
  75  7:35  Siege Tank  
  75  7:36  Viking  
  86  7:42  Viking  
  88  7:44  SCV x2  
  88  7:50  Missile Turret, Marine x4  
  94  7:56  SCV x2  
  96  8:06  Medivac  
  96  8:08  SCV x2, Marine x2  
  96  8:11  Missile Turret  
  102  8:16  Marine x2, Medivac  
  102  8:17  Supply Depot  
  102  8:18  Supply Depot  
  106  8:30  Missile Turret  
Show
View Real Time Build Order
Export as new Build Order

ftwoamove Terran 

Build Orders:  

Get SALT Encoding   

  12  0:00  SCV  
  13  0:12  SCV  
  14  0:24  Supply Depot  
  14  0:25  SCV  
  15  0:45  SCV  
  16  0:50  Barracks  
  16  0:59  SCV  
  16  1:00  Refinery  
  17  1:11  SCV  
  18  1:23  SCV  
  19  1:37  Orbital Command  
  19  1:42  Marine  
  19  1:45  Command Center  
  20  2:02  Barracks Reactor  
  21  2:08  SCV  
  21  2:20  SCV  
  22  2:32  SCV  
  22  2:34  Supply Depot  
  23  2:41  Marine  
  23  2:46  Supply Depot  
  23  2:54  Factory  
  23  2:55  SCV, Marine  
  23  2:56  Barracks  
  25  2:59  Supply Depot, Marine  
  25  3:00  Orbital Command  
  26  3:07  SCV  
  27  3:18  Supply Depot, Marine x2  
  27  3:19  SCV  
  30  3:25  Refinery  
  30  3:27  SCV  
  30  3:32  SCV  
  32  3:39  SCV  
  32  3:40  Factory Tech Lab  
  33  3:42  Starport  
  33  3:44  SCV  
  31  3:51  Marine x2  
  31  3:55  Supply Depot  
  28  4:00  Marine  
  28  4:09  Marine  
  29  4:10  SCV x2  
  29  4:14  Marine  
  32  4:25  SCV x2  
  32  4:27  Marine  
  32  4:28  Barracks Tech Lab  
  32  4:29  Starport Reactor  
  33  4:31  Marine  
  33  4:36  Siege Tank  
  33  4:37  SCV  
  37  4:50  Marauder  
  38  4:55  SCV x2  
  38  4:56  Marine x2  
  44  5:07  SCV x2  
  44  5:14  Marine x2  
  44  5:15  Marine  
  44  5:19  SCV x2  
  49  5:31  SCV x2  
  49  5:32  Marine  
  52  5:40  Marine x2  
  52  5:41  Refinery x2  
  54  5:43  SCV x2, Medivac  
  58  5:50  Marine  
  58  5:55  SCV  
  60  5:58  Marine  
  60  6:00  SCV  
  60  6:01  Marine  
  63  6:07  SCV  
  63  6:08  Marine, Command Center  
  65  6:12  SCV  
  65  6:14  Stimpack  
  65  6:16  Marine  
  67  6:18  Marine  
  67  6:20  SCV  
  67  6:24  SCV  
  70  6:26  Marine  
  70  6:32  SCV  
  72  6:34  Marine, Medivac  
  72  6:36  SCV, Marine  
  77  6:40  Engineering Bay  
  77  6:42  Engineering Bay  
  77  6:43  Marine  
  78  6:52  Supply Depot  
  78  6:53  Supply Depot  
  78  6:54  SCV x2, Marine x2  
  78  6:58  Supply Depot  
  78  7:00  Barracks  
  82  7:01  Marine  
  82  7:03  Barracks  
  82  7:06  SCV x2  
  85  7:12  Marine  
  85  7:14  Barracks, Terran Infantry Weapons Level 1, Marine  
  85  7:15  Terran Infantry Armor Level 1  
  87  7:18  SCV x2  
  87  7:19  Marine  
  80  7:30  SCV x2, Marine  
  80  7:31  Marine  
  80  7:32  Siege Tank, Medivac  
  89  7:37  Marine  
  89  7:43  SCV x2  
  92  7:47  Marine  
  92  7:49  Marine  
  94  7:55  Marine, Armory  
  95  7:59  SCV x2  
  95  8:05  Marine  
  99  8:06  Combat Shield  
  99  8:07  Marine  
  99  8:11  SCV  
  102  8:12  Marine  
  102  8:15  Barracks Reactor  
  102  8:17  Barracks Reactor  
  102  8:18  Barracks Reactor  
  101  8:23  Marine  
  101  8:25  Marine  
  103  8:30  Marine  
  103  8:32  Orbital Command  
  104  8:38  SCV x2  
  104  8:39  Command Center  
  104  8:41  Marine  
  106  8:43  Marine  
  106  8:44  Command Center  
  106  8:48  Marine  
  80  8:51  SCV  
  80  8:52  SCV  
  74  9:01  Marine x5  
  74  9:02  Marine x3  
  74  9:03  SCV  
  74  9:04  SCV  
  74  9:06  Marine  
  73  9:14  SCV  
  73  9:15  SCV  
  73  9:17  SCV  
Tags
 
Add a new tag
Caveats
  • Supply blocks, unpowered buildings, or Contaminate may cause inaccurate times.
  • Supply counts are checked every 10 seconds.